 Dungeon Crawl Stone Soup version 0.22-a0-159-g7ce444f (webtiles) character file.

65 theanonym the Vexing (level 3, 0/28 HPs)
             Began as a Mummy Enchanter on Feb 9, 2018.
             Slain by Natasha (3 damage)
             ... on level 2 of the Dungeon.
             The game lasted 00:03:20 (1887 turns).

theanonym the Vexing (Mummy Enchanter)              Turns: 1887, Time: 00:03:21

Health: 0/28       AC:  9    Str: 12    XL:     3   Next: 94%
Magic:  7/7        EV:  5    Int: 14    God:
Gold:   105        SH:  0    Dex: 12    Spells: 6/7 levels left

rFire    x . .     SeeInvis .   h - +0 mace
rCold    + . .     Gourm    .   (no shield)
rNeg     + + +     Faith    .   d - +0 chain mail
rPois    ∞         Spirit   .   (no helmet)
rElec    .         Reflect  .   (no cloak)
rCorr    .         Harm     .   g - +0 pair of gloves
MR       .....                  (no boots)
Stlth    ..........             (no amulet)
HPRegen  0.09/turn              (no ring)
MPRegen  0.10/turn              (no ring)

@: about to teleport
A: no food or potions, fire vulnerability, cold resistance 1, negative energy
resistance 3, torment resistance, unbreathing
a: no special abilities


Innate Abilities, Weirdness & Mutations

You do not eat or drink.
Your flesh is vulnerable to fire.
You are immune to poison.
Your flesh is cold resistant. (rC+)
You are immune to negative energy. (rN+++)
You are immune to unholy pain and torment.
You can survive without breathing.


   Skills:
 + Level 2.5 Fighting
 - Level 0.7 Short Blades
 * Level 1.9 Maces & Flails
 - Level 1.5 Dodging
 - Level 2.4 Stealth
 - Level 2.6 Spellcasting
 - Level 2.6 Hexes


You had 6 spell levels left.
You knew the following spells:

 Your Spells              Type           Power        Failure   Level  Hunger
a - Corona                Hex            #......      98%         1    N/A

Skill      XL: |  1  2 |
---------------+-------+-----
Fighting       | 1 2 |  2.5
Maces & Flails | 1 |  1.9
Short Blades   | |  0.7
Dodging        | |  1.5
Stealth        | |  2.4
Spellcasting   | |  2.6
Hexes          | |  2.6

Action                   || total
-------------------------++-------
Melee: Dagger            ||   180
       Mace              ||    16
  Use: Scroll            ||     2
Armor: Chain mail        ||   148
Dodge: Dodged            ||    46

Inventory:

Hand Weapons
 a - a +1 dagger
 h - a +0 mace (weapon)
   (You found it on level 1 of the Dungeon)
Armour
 b - a +0 robe
 d - a +0 chain mail (worn)
   (You found it on level 1 of the Dungeon)
 g - a +0 pair of gloves (worn)
   (You found it on level 1 of the Dungeon)
Scrolls
 f - a scroll of noise
 j - a scroll of magic mapping {unknown}
 t - a scroll of teleportation {!r}
Books
 c - a book of Maledictions


You were on level 2 of the Dungeon.
You were not hungry.

You visited 1 branch of the dungeon, and saw 3 of its levels.

You collected 105 gold pieces.

Dungeon Overview and Level Annotations

Branches:
Dungeon (3/15)

Altars:
Ashenzari

Annotations:
D:2 Natasha

#.# #.# #.# #.# #.####
.....# .....#
.....############# #########
..............5h@# #.......#
#.#.#######.###### #.#####'#
#.#.#.......#...# #.#...#.#
#.#.#.#####.##..# #.#.#.#.#
#.#.#.#...#.##..# #.#.#.#.#
#.#.#.#.#.#.....# #.#.#.#.#
#.#.#.#...<.....# #.#.#...#
....#.#####.########.#.#####
..#.#.............##.#.#...#


You could see Natasha and a shadow imp.

Notes
Turn   | Place    | Note
-------+----------+-------------------------------------------
     0 | D:1      | theanonym the Mummy Enchanter began the quest for the Orb.
     0 | D:1      | Reached XP level 1. HP: 13/13 MP: 4/4
   211 | D:1      | Reached skill level 1 in Fighting
   269 | D:1      | Reached XP level 2. HP: 16/22 MP: 5/5
   381 | D:1      | Found a shattered altar of Ashenzari.
   894 | D:2      | Reached skill level 2 in Fighting
   935 | D:2      | Reached skill level 1 in Maces & Flails
   959 | D:2      | Reached XP level 3. HP: 27/27 MP: 7/7
   963 | D:2      | Noticed Jessica
  1068 | D:2      | Killed Jessica
  1873 | D:3      | Noticed Natasha
  1882 | D:2      | HP: 13/28 [Natasha (5)]
  1883 | D:2      | HP: 5/28 [Natasha/magic dart (2)]
  1885 | D:2      | HP: 2/28 [Natasha (3)]
  1887 | D:2      | Slain by Natasha

Vanquished Creatures
  Jessica (D:2)
  An ooze (D:2)
  A leopard gecko (D:1)
  4 giant cockroaches
  5 goblins
  6 hobgoblins
  4 bats
  A frilled lizard (D:2)
  5 kobolds
  5 rats
33 creatures vanquished.

Table legend:
 A = Turns spent in this place as a percentage of turns spent in the entire game.
 B = Non-inter-level travel turns spent in this place as a percentage of non-inter-level travel turns spent in the entire game.
 C = Inter-level travel turns spent in this place as a percentage of turns spent in this place.
 D = Turns resting spent in this place as a percentage of non-inter-level travel turns spent in this place.
 E = Turns spent auto-exploring this place as a percentage of non-inter-level travel turns spent in this place.
 F = Non-inter-level travel turns spent in this place divided by the number of levels of this place that you've seen.
                   A       B       C       D       E      F
               +-------+-------+-------+-------+-------+----------------------
         Total | 100.0 | 100.0 |   7.0 |  17.3 |  61.5 | 584.7
       Dungeon | 100.0 | 100.0 |   7.0 |  17.3 |  61.5 | 584.7
               +-------+-------+-------+-------+-------+----------------------
